 Dungeon Crawl Stone Soup version 0.18-a0-987-g0b0e4e7 (webtiles) character file.

415 dvd the Covered (level 6, 0/55 HPs)
             Began as a Hill Orc Fighter on Jan 3, 2016.
             Was a Follower of Beogh.
             Slain by Prince Ribbit (6 damage)
             ... on level 5 of the Dungeon.
             The game lasted 00:09:44 (2792 turns).

dvd the Covered (Hill Orc Fighter)                  Turns: 2792, Time: 00:09:44

Health: 0/55       AC: 11    Str: 25    XL:     6   Next: 92%
Magic:  6/6        EV:  8    Int:  8    God:    Beogh [*.....]
Gold:   258        SH: 11    Dex: 11    Spells: 0 memorised, 5 levels left

rFire  . . .     SeeInvis +     a - +0 war axe
rCold  + . .     Gourm    .     b - +0 scale mail
rNeg   . . .     Faith    .     u - +0 shield
rPois  .         Spirit   .     (no helmet)
rElec  .         Dismiss  .     e - +0 cloak
rCorr  .         Reflect  .     l - +1 pair of gloves
SustAt .         Harm     .     (no boots)
MR     .....                    p - amulet of regeneration
Stlth  ..........               c - ring of protection from cold
                                s - ring of see invisible

@: mighty, not resistant to hostile enchantments, extremely unstealthy
A: no striking features
a: Renounce Religion


You were on level 5 of the Dungeon.
You worshipped Beogh.
Beogh was aware of your devotion.
You were not hungry.

You visited 2 branches of the dungeon, and saw 6 of its levels.

You collected 258 gold pieces.

Inventory:

Hand Weapons
 a - a +0 war axe (weapon)
Missiles
 y - 3 tomahawks
 z - 3 javelins of penetration (quivered)
Armour
 b - a +0 scale mail (worn)
 e - a +0 cloak (worn)
 l - a +1 pair of gloves (worn)
 u - a +0 shield (worn)
Jewellery
 c - a ring of protection from cold (right hand)
 p - an amulet of regeneration (around neck)
 s - a ring of see invisible (left hand)
 v - an uncursed ring of stealth
 x - an uncursed ring of sustain attributes {unknown}
Wands
 m - a wand of polymorph (19/24)
 B - a wand of fireball (3/15)
Scrolls
 h - a scroll of blinking {unknown}
 j - a scroll of amnesia {unknown}
 k - 5 scrolls of identify {unknown}
 o - 2 scrolls of teleportation {unknown}
 q - a scroll of fear {unknown}
 r - a scroll of random uselessness {unknown}
 t - 2 scrolls of magic mapping {unknown}
 w - a scroll of remove curse {unknown}
 A - a scroll of recharging {unknown}
Potions
 d - 2 potions of might
Comestibles
 f - 3 bread rations
 g - 6 fruits
 i - 2 meat rations
 n - 4 chunks of flesh


   Skills:
 + Level 4.9 Fighting
 + Level 4.7 Axes
 + Level 0.6 Throwing
 + Level 4.9 Armour
 + Level 1.8 Dodging
 + Level 4.9 Shields


You had 5 spell levels left.
You didn't know any spells.

Dungeon Overview and Level Annotations

Branches:
Dungeon (5/15)             Temple (1/1) D:4

Altars:
Ashenzari
Dithmenos
Elyvilon
Fedhas
Gozag
Kikubaaqudgha
Makhleb
Nemelex Xobeh
Okawaru
Pakellas
Qazlal
Ru
Sif Muna
Trog
Vehumet
Yredelemnul
Zin
The Shining One

Annotations:
D:5 Prince Ribbit


Message History

You feel very mighty all of a sudden. You block Prince Ribbit's attack.
Prince Ribbit momentarily phases out as your attack passes through him.
Prince Ribbit is heavily wounded.
Prince Ribbit hits you!
* * * LOW HITPOINT WARNING * * *
You block Prince Ribbit's attack.
Drink which item? (? for menu, Esc to quit)
Okay, then.
Unknown command.
Evoke which item? (* to show all) (? for menu, Esc to quit)
You don't have any such object.
Evoke which item? (* to show all) (? for menu, Esc to quit)
Zapping:
B - a wand of fireball (will waste charges)
Press: ? - help, Shift-Dir - straight line, p - Prince Ribbit The fireball explodes!
The fireball engulfs Prince Ribbit.
Prince Ribbit is severely wounded.
Evoking this partially-identified wand wasted a few charges.
Prince Ribbit hits you.
You die...

#.....#.. #.....#..
##########+####.....+.<
#....((#............#..
#......#............#..
#......#.......######..
#......#.......#....+..
#.....F'.......#...##..
#.....@#.......#...##..
#.....##..(....#.<.##..
#.....#........#...##..
#..>..#........#.......
#......#........#.......
#.....(#........#...##..
#...>..#........#...####
#......#........#...#
#.......>#...#


You could see Prince Ribbit.

Vanquished Creatures
  A black bear (D:3)
  A big kobold (D:5)
  An orc priest (D:4)
  A centaur skeleton (D:3)
  2 orc wizards (D:4)
  6 adders
  A shadow imp (D:5)
  2 worms
  2 giant geckos
  9 orcs
  4 giant cockroaches
  11 goblins
  4 hobgoblins
  2 jackals (D:4)
  A quokka (D:2)
  6 bats
  3 giant newts
  11 kobolds
  5 rats
73 creatures vanquished.

Notes
Turn   | Place    | Note
--------------------------------------------------------------
     0 | D:1      | dvd the Hill Orc Fighter began the quest for the Orb.
     0 | D:1      | Reached XP level 1. HP: 19/19 MP: 1/1
   103 | D:1      | Reached XP level 2. HP: 27/27 MP: 2/2
   693 | D:2      | Reached XP level 3. HP: 30/33 MP: 3/3
  1346 | D:3      | Reached skill level 4 in Fighting
  1346 | D:3      | Reached XP level 4. HP: 27/40 MP: 4/4
  1424 | D:3      | Found a sacrificial altar of Ru.
  1570 | D:3      | Found a deep blue altar of Sif Muna.
  1632 | D:3      | Noticed a black bear
  1648 | D:3      | Killed a black bear
  1648 | D:3      | Reached skill level 1 in Dodging
  1648 | D:3      | Reached XP level 5. HP: 32/46 MP: 5/5
  1713 | D:3      | Became a worshipper of Beogh the Brigand
  2069 | D:4      | Reached XP level 6. HP: 53/53 MP: 6/6
  2226 | D:4      | Reached * piety under Beogh
  2489 | D:4      | Found a staircase to the Ecumenical Temple.
  2499 | Temple   | Entered the Ecumenical Temple
  2700 | D:5      | Entered Level 5 of the Dungeon
  2776 | D:5      | Noticed Prince Ribbit
  2792 | D:5      | Slain by Prince Ribbit

Vault maps used:
D:1:      dpeg_arrival_tiny_i
D:2:      minmay_misc_feat_cross, minivault_14
D:3:      nicolae_ru_path_of_blood, lemuel_coloured_pillars_altar
D:4:      temple_doors_d, first_bread
D:5:      uniq_prince_ribbit1
Temple:   lightli_temple_of_artemis

Action                   |  1- 3 |  4- 6 || total
-------------------------+-------+-------++-------
Melee: War axe           |    89 |   130 ||   219
Throw: Javelin           |       |    11 ||    11
       Tomahawk          |       |     2 ||     2
Invok: Convert to Beogh  |       |     1 ||     1
Evoke: Wand              |       |     1 ||     1
  Use: Potion            |       |     1 ||     1
  Eat: Chunk             |     1 |     5 ||     6
